 Dungeon Crawl Stone Soup version 0.31.0-32-g396128a36d (webtiles) character file.

Game seed: 7880179921847548326

12021 spaghetti the Reanimator (level 11, -5/99 HPs)
             Began as a Naga Chaos Knight on Mar 11, 2024.
             Was a Plaything of Xom.
             Slain by a komodo dragon (28 damage)
             ... on level 11 of the Dungeon.
             The game lasted 00:20:33 (11635 turns).

spaghetti the Reanimator (Naga Chaos Knight)       Turns: 11635, Time: 00:20:33

Health: -5/99      AC:  8    Str: 22    XL:     11   Next: 86%
Magic:  0/18       EV:  9    Int: 21    God:    Xom [...*..]
Gold:   539        SH:  0    Dex: 10    Spells: 8/20 levels left

rFire   + . .        i - +4 trident "Earthworm" {flame, *Rage rN+ Str+3}
rCold   . . .        (no shield)
rNeg    + . .        b - +2 leather armour
rPois   +            (helmet restricted)
rElec   +            B - +0 cloak
rCorr   .            (no gloves)
SInv    +            (no barding)
Will    ++...        u - amulet of guardian spirit
Stlth   +            k - +6 ring of intelligence
HPRegen 1.96/turn    v - ring "Onoob" {Wiz rElec Will+}
MPRegen 0.16/turn

%: clarity, guardian spirit, wizardry (x1)
@: about to teleport, death channelling, very slow
A: AC +3, large, see invisible, deformed body, poison resistance, slowness 2,
spit poison 1, naga tail 1, beak, stinger 1, clarity, fire resistance 1, sense
surroundings 2, regeneration 2, robust 1, strong 1, wild magic 2, MP-powered
wands
a: Spit Poison, Renounce Religion


You were on level 11 of the Dungeon.
You worshipped Xom.
You were a favourite toy of Xom.
You visited 1 branch of the dungeon, and saw 12 of its levels.

You collected 651 gold pieces.
You spent 112 gold pieces at shops.

Inventory:

Hand Weapons
 a - a +0 falchion of freezing
 i - the +4 trident "Earthworm" (weapon) {flame, *Rage rN+ Str+3}
   (Xom gifted it to you on level 2 of the Dungeon)

   Str+3:     It affects your strength (+3).
   rN+:       It protects you from negative energy.
   *Rage:     It berserks you when you make melee attacks (+20% chance).
Missiles
 e - 9 curare-tipped darts
 p - 2 javelins
Armour
 b - a +2 leather armour (worn)
 h - a +0 helmet
 B - a +0 cloak (worn)
Magical Staves
 c - a staff of death
Jewellery
 j - an amulet of magic regeneration
 k - a +6 ring of intelligence (left hand)
 q - a ring of ice
 u - an amulet of guardian spirit (around neck)
 v - the ring "Onoob" (right hand) {Wiz rElec Will+}
   (Xom gifted it to you on level 5 of the Dungeon)

   [ring of wizardry]

   Wiz:       It improves your spell success rate.
   rElec:     It insulates you from electricity.
   Will+:     It increases your willpower.
 C - a +6 ring of intelligence
 D - a ring of magical power
 G - a +6 ring of dexterity
Wands
 m - a wand of roots (18)
 r - a wand of mindburst (14)
 t - a wand of flame (16)
 w - a wand of polymorph (13)
 y - a wand of digging (13)
 K - a wand of paralysis (11)
Scrolls
 f - 4 scrolls of poison
 g - a scroll of torment
 o - 4 scrolls of identify
 x - 2 scrolls of immolation
 z - 7 scrolls of fog
 A - 2 scrolls of teleportation
 E - 3 scrolls of revelation
 M - a scroll of silence
Potions
 l - 3 potions of curing
 n - a potion of heal wounds
 s - 2 potions of enlightenment
 F - a potion of might {unknown}
 H - 3 potions of brilliance
 I - a potion of degeneration
 L - 3 potions of mutation
Miscellaneous
 d - a phantom mirror (inert)


   Skills:
 - Level 3.0 Fighting
 - Level 4.2 Long Blades
 - Level 1.5 Armour
 - Level 2.4 Dodging
 - Level 5.0 Spellcasting
 - Level 6.0 Hexes
 + Level 9.9 Summonings
 * Level 12.6 Necromancy


You had 8 spell levels left.
You knew the following spells:

 Your Spells              Type           Power      Damage    Failure   Level
a - Jinxbite              Hex            96%        N/A       2%          2
b - Martyr's Knell        Necr/Summ      71%        N/A       1%          4
c - Death Channel         Necr           38%        N/A       9%          6

Your spell library contained the following spells:

 Spells                   Type           Power      Damage    Failure   Level
 Dispel Undead            Necr           76%        3d25      1%          4
 Cigotuvi's Dreadful Rot  Necr/Alch/Air  72%        N/A       3%          2
 Apportation              Tloc           16%        N/A       10%         1
 Foxfire                  Conj/Fire      32%        2x1d5     10%         1
 Freeze                   Ice            32%        1d5       10%         1
 Animate Armour           Summ/Erth      82%        N/A       12%         4
 Summon Lightning Spire   Summ/Air       41%        N/A       12%         4
 Frozen Ramparts          Ice            16%        1d3       26%         3
 Hailstorm                Conj/Ice       8%         3d5       26%         3
 Alistair's Intoxication  Alch           5%         N/A       86%         5
 Lee's Rapid Deconstruct  Erth           4%         3d5*      86%         5
 Plasma Beam              Fire/Air       4%         2x1d14    100%        6
 Starburst                Conj/Fire      4%         6d3       100%        6


Dungeon Overview and Level Annotations

Branches:
Dungeon (12/15)            Temple (0/1) D:6            Lair (0/5) D:11
    Orc (0/2) D:10

Altars:
Ashenzari
Cheibriados
Elyvilon
Gozag
Hepliaklqana
Makhleb
Nemelex Xobeh
Okawaru
Ru
Trog
Vehumet
Wu Jian
Xom
Yredelemnul
The Shining One

Shops:
D:8 *   D:10 *

Annotations:
D:7 Joseph
D:10 3 runed translucent doors, spaghetti's ghost, novice DsSu


Innate Abilities, Weirdness & Mutations

Your serpentine skin is tough. (AC +3)
You have supernaturally acute eyesight. (SInv)
Armour fits poorly on your strangely shaped body.
Your system is resistant to poisons. (rPois)
You cover ground very slowly.
You can spit poison.
You have a snake-like lower body.
You have a beak for a mouth.
Your tail ends in a venomous barb.
You possess an exceptional clarity of mind.
Your flesh is heat resistant. (rF+)
You passively map the area around you.
You heal very quickly.
You are robust. (+10% HP)
Your muscles are strong. (Str +4, Int/Dex -1)
Your spells are harder to cast, but more powerful.
You expend magic power (3 MP) to strengthen your wands.


Message History

You puncture the wyvern! You burn the wyvern.
You kill the wyvern!
A glowing mist starts to gather...
You start resting.
Your martyred shade disappears in a puff of smoke!
Your unholy channel is weakening.
Your unholy channel expires.
Your spectral wyvern fades into mist!
Magic restored.
Found a ring mail.
You see here a +0 ring mail.
A steam dragon and 2 komodo dragons come into view.
The komodo dragon hisses angrily. x2
There are monsters nearby!
Casting: Death Channel (dangerous; 9% risk of failure)
Confirm with . or Enter, or press ? or * to list all spells.
Malign forces permeate your being, awaiting release.
Casting: Death Channel (dangerous; 9% risk of failure)
Confirm with . or Enter, or press ? or * to list all spells.
You call forth a shade to shield your allies.
The komodo dragon bites you!!
The komodo dragon bites you but does no damage.
The komodo dragon bites you!! The komodo dragon barely misses you.
The steam dragon breathes steam at you. The ball of steam hits you. You resist.
The komodo dragon hisses menacingly.
The komodo dragon bites you.
You hear an angry hiss.
The komodo dragon is engulfed in a cloud of scalding steam. x2
The komodo dragon bites you!!
The komodo dragon is engulfed in a cloud of scalding steam.
The komodo dragon bites you!
The komodo dragon attacks as it pursues you!
The komodo dragon bites you!
* * * LOW HITPOINT WARNING * * *
The komodo dragon is engulfed in a cloud of scalding steam.
As you read the scroll of teleportation, it crumbles to dust.
You feel strangely unstable. The komodo dragon bites you!!
You die...
Xom roars with laughter!

####.#
#..................# #.#
#..................# #.#
#.........########.###
#.# #.........# #....
#.# #.........# #.###
#.# #..<......# #.# #.#
#.........# #.# * ###
########### ### * ∆
#.##.@############ .
*#..#l###.........### ∆
*, *
...###.Dl......###.....#
* .......W.......#
####..### ,
,,........#####.##
###... ∆#......#.####.#
#### , ,
,.#...####....## # ,** *
..##. ####.### * # *# *
##[.#


You could see 2 komodo dragons, a steam dragon and a friendly martyred shade
(summoned).

Vanquished Creatures
  Fannar (D:11)
  2 two-headed ogres
  2 ugly things (D:11)
  A cyclops (D:11)
  An unseen horror (D:11)
  Jeremiah (D:7)
  Psyche (D:10)
  3 trolls
  2 shadows
  2 wraiths
  2 wyverns
  12 yaks
  A steam dragon (D:8)
  Menkaure (D:4)
  2 acid dragons (D:11)
  An orc warrior (D:10)
  A sky beast (D:6)
  2 black bears
  3 ogres
  3 centaurs
  A phantom (D:5)
  A kobold brigand (D:11)
  A bullfrog (D:7)
  2 scorpions (D:6)
  A gnoll sergeant (D:8)
  6 wights
  12 killer bees
  3 howler monkeys (D:8)
  A jelly (D:4)
  4 bombardier beetles
  Crazy Yiuf (D:5)
  A gnoll bouda (D:6)
  5 hounds
  An orc priest (D:10)
  An iguana (D:7)
  2 sleepcaps
  9 orc wizards
  12 adders
  6 gnolls
  A shadow imp (D:7)
  3 white imps
  4 ufetubi (D:6)
  4 dart slugs
  3 ribbon worms
  22 orcs
  9 endoplasms
  4 giant cockroaches
  12 goblins
  8 hobgoblins
  6 jackals
  12 kobolds
  3 quokkas
  6 ball pythons
  6 bats
  6 frilled lizards
  7 rats
230 creatures vanquished.

Vanquished Creatures (collateral kills)
  A two-headed ogre (D:9)
  Sonja (D:11)
  A centaur (D:11)
  2 wights (D:8)
  A killer bee (D:11)
  An orc priest (D:7)
  An orc wizard (D:7)
  A gnoll (D:8)
  2 orcs (D:7)
  4 kobolds
15 creatures vanquished.

Vanquished Creatures (others)
  2 gnolls (D:7)
  A goblin zombie (D:1)
3 creatures vanquished.

Grand Total: 248 creatures vanquished

Notes
Turn   | Place    | Note
-------+----------+-------------------------------------------
     0 | D:1      | spaghetti the Naga Chaos Knight began the quest for the
                  | Orb.
     0 | D:1      | Reached XP level 1. HP: 21/21 MP: 1/1
    33 | D:1      | Reached skill level 1 in Dodging
    47 | D:1      | XOM: smoke on damage
   128 | D:1      | Reached XP level 2. HP: 28/28 MP: 2/2
   522 | D:1      | Reached XP level 3. HP: 32/34 MP: 3/3
   826 | D:1      | XOM: 5-stop teleportation journey
   990 | D:1      | XOM: god gift: potion of curing
  1195 | D:2      | XOM: 9-stop teleportation journey
  1289 | D:2      | XOM: smoke on damage
  1300 | D:2      | Reached XP level 4. HP: 18/42 MP: 4/4
  1625 | D:2      | XOM: scenery: summon butterflies
  1676 | D:2      | XOM: god gift: staff of air
  1904 | D:2      | Learned a level 2 spell: Jinxbite
  2105 | D:2      | XOM: god gift: ancient trident {god gift}
  2105 | D:2      | Identified the +4 trident "Earthworm" {flame, *Rage rN+
                  | Str+3} (Xom gifted it to you on level 2 of the Dungeon)
  2159 | D:3      | XOM: confuse monster(s)
  2162 | D:3      | Reached skill level 1 in Hexes
  2162 | D:3      | Reached XP level 5. HP: 49/49 MP: 2/5
  2175 | D:3      | Found a basalt altar of Yredelemnul.
  2302 | D:3      | Found an iron altar of Okawaru.
  2302 | D:3      | Found a shimmering altar of Xom.
  2462 | D:3      | XOM: give mutations
  2462 | D:3      | Gained mutation: You possess an exceptional clarity of
                  | mind. [Xom's mischief]
  2462 | D:3      | Gained mutation: Your flesh is heat resistant. (rF+) [Xom's
                  | mischief]
  2462 | D:3      | Gained mutation: You have a beak for a mouth. [Xom's
                  | mischief]
  2477 | D:3      | Found a radiant altar of Vehumet.
  2567 | D:3      | XOM: divination: detect items
  2956 | D:4      | Found a sparkling altar of Nemelex Xobeh.
  2960 | D:4      | Reached XP level 6. HP: 54/56 MP: 3/6
  3101 | D:4      | XOM: polymorph hobgoblin -> jackal
  3189 | D:4      | Found a snail-covered altar of Cheibriados.
  3217 | D:4      | Found a glowing golden altar of the Shining One.
  3227 | D:4      | XOM: summons friendly white imp
  3347 | D:4      | Found a broken altar of Ashenzari.
  3421 | D:4      | Found a white marble altar of Elyvilon.
  3642 | D:4      | XOM: god gift: 2 javelins
  3771 | D:4      | Noticed Menkaure
  3777 | D:4      | Killed Menkaure
  3778 | D:4      | Reached skill level 5 in Hexes
  3778 | D:4      | Reached XP level 7. HP: 57/62 MP: 4/7
  3958 | D:5      | Entered Level 5 of the Dungeon
  3995 | D:5      | Found a sacrificial altar of Ru.
  4000 | D:5      | XOM: give mutations
  4000 | D:5      | Gained mutation: Your flesh is very heat resistant. (rF++)
                  | [Xom's grace]
  4000 | D:5      | Gained mutation: You have hidden genetic potential. [Xom's
                  | grace]
  4000 | D:5      | Gained mutation: You expend magic power (3 MP) to
                  | strengthen your wands. [Xom's grace]
  4085 | D:5      | Identified the ring "Onoob" {Wiz rElec Will+} (Xom gifted
                  | it to you on level 5 of the Dungeon)
  4085 | D:5      | XOM: god gift: ring "Onoob" {Wiz rElec Will+}
  4095 | D:5      | Learned a level 4 spell: Martyr's Knell
  4151 | D:5      | XOM: summons 2 friendly demons
  4159 | D:5      | Reached skill level 1 in Summonings
  4187 | D:5      | Reached skill level 1 in Necromancy
  4193 | D:5      | Found a burning altar of Makhleb.
  4193 | D:5      | Noticed a steam dragon
  4193 | D:5      | XOM: 3-stop teleportation journey
  4197 | D:5      | XOM: silly message
  4451 | D:5      | Reached skill level 2 in Necromancy
  4513 | D:5      | XOM: enchant monster (good)
  4703 | D:5      | XOM: silly message
  4733 | D:5      | Reached XP level 8. HP: 54/69 MP: 4/8
  4754 | D:5      | Gained mutation: You are strong-willed. (Will+) [hidden
                  | potential]
  4811 | D:5      | Found a runed translucent door.
  4812 | D:5      | Noticed Crazy Yiuf
  4851 | D:5      | Reached skill level 3 in Necromancy
  4960 | D:5      | XOM: give mutations
  4960 | D:5      | Gained mutation: Your natural rate of healing is unusually
                  | fast. [Xom's grace]
  4960 | D:5      | Gained mutation: Your movements are slightly less
                  | encumbered by armour. (ER -2) [Xom's grace]
  4960 | D:5      | Gained mutation: Your tail ends in a venomous barb. [Xom's
                  | grace]
  4960 | D:5      | Gained mutation: Your muscles are strong. (Str +4, Int/Dex
                  | -1) [Xom's grace]
  4998 | D:5      | Killed Crazy Yiuf
  5035 | D:5      | XOM: give mutations
  5035 | D:5      | Gained mutation: Your tail ends in a sharp venomous barb.
                  | [Xom's grace]
  5035 | D:5      | Gained mutation: You are agile. (Dex +4, Str/Int -1) [Xom's
                  | grace]
  5035 | D:5      | Gained mutation: Your skin changes colour to match your
                  | surroundings (Stealth+). [Xom's grace]
  5035 | D:5      | Gained mutation: Your spells are a little harder to cast,
                  | but a little more powerful. [Xom's grace]
  5053 | D:5      | XOM: give mutation
  5053 | D:5      | Gained mutation: Your spells are harder to cast, but more
                  | powerful. [Xom's grace]
  5090 | D:6      | XOM: scenery: 2 doors open
  5177 | D:6      | Reached skill level 4 in Necromancy
  5308 | D:6      | Found a staircase to the Ecumenical Temple.
  5763 | D:7      | Noticed Jeremiah
  5857 | D:7      | Reached skill level 5 in Summonings
  5870 | D:7      | XOM: summons 6 friendly demons
  5972 | D:7      | Killed Jeremiah
  5973 | D:7      | Reached skill level 5 in Necromancy
  5973 | D:7      | Reached XP level 9. HP: 47/74 MP: 6/9
  5989 | D:7      | Gained mutation: You can exhale a cloud of poison. [hidden
                  | potential]
  5989 | D:7      | Lost mutation: You have hidden genetic potential. [hidden
                  | potential expressed]
  6061 | D:7      | Reached skill level 6 in Necromancy
  6099 | D:7      | Reached skill level 1 in Spellcasting
  6144 | D:7      | Found an opulent altar of Gozag.
  6166 | D:7      | XOM: god gift: potion of enlightenment
  6452 | D:7      | Found a hazy altar of Hepliaklqana.
  6452 | D:7      | Noticed Joseph
  6506 | D:8      | XOM: give mutations
  6506 | D:8      | Lost mutation: Your skin changes colour to match your
                  | surroundings (Stealth+). [Xom's mischief]
  6506 | D:8      | Lost mutation: Your movements are slightly less encumbered
                  | by armour. (ER -2) [Xom's mischief]
  6506 | D:8      | Lost mutation: Your flesh is very heat resistant. (rF++)
                  | [Xom's mischief]
  6506 | D:8      | Lost mutation: You are agile. (Dex +4, Str/Int -1) [Xom's
                  | mischief]
  6577 | D:8      | XOM: god gift: phantom mirror
  6589 | D:8      | XOM: give mutations
  6589 | D:8      | Gained mutation: You heal very quickly. [Xom's grace]
  6589 | D:8      | Gained mutation: You are agile. (Dex +4, Str/Int -1) [Xom's
                  | grace]
  6589 | D:8      | Gained mutation: Your flesh is very heat resistant. (rF++)
                  | [Xom's grace]
  6589 | D:8      | Gained mutation: You passively map a small area around you.
                  | [Xom's grace]
  6604 | D:8      | Found a bloodstained altar of Trog.
  6619 | D:8      | Reached skill level 7 in Necromancy
  6637 | D:8      | XOM: god gift: 25 gold pieces
  6673 | D:8      | Found an ornate altar of the Wu Jian Council.
  6704 | D:8      | XOM: summons 2 hostile demons
  6973 | D:8      | Found Qoarecw's Sacrilege Store.
  7058 | D:8      | XOM: silly message
  7219 | D:8      | XOM: give mutations
  7219 | D:8      | Lost mutation: You are agile. (Dex +4, Str/Int -1) [Xom's
                  | mischief]
  7219 | D:8      | Lost mutation: You can exhale a cloud of poison. [Xom's
                  | mischief]
  7309 | D:9      | XOM: enchant monster (good)
  7320 | D:9      | Learned a level 6 spell: Death Channel
  7469 | D:9      | Reached skill level 8 in Necromancy
  7478 | D:9      | Noticed a two-headed ogre
  7481 | D:9      | XOM: confuse monster(s)
  7528 | D:8      | XOM: give mutation
  7528 | D:8      | Lost mutation: Your flesh is very heat resistant. (rF++)
                  | [Xom's mischief]
  7578 | D:9      | XOM: blink monster(s)
  7589 | D:9      | Killed a two-headed ogre
  7590 | D:9      | Reached XP level 10. HP: 84/84 MP: 9/15
  7898 | D:9      | Noticed a two-headed ogre
  7908 | D:9      | XOM: scenery: summon butterflies
  7916 | D:9      | Killed a two-headed ogre
  7917 | D:9      | Reached skill level 9 in Necromancy
  7968 | D:9      | XOM: give mutations
  7968 | D:9      | Gained mutation: Your flesh is very heat resistant. (rF++)
                  | [Xom's grace]
  7968 | D:9      | Gained mutation: You passively map the area around you.
                  | [Xom's grace]
  7968 | D:9      | Gained mutation: You are robust. (+10% HP) [Xom's grace]
  7968 | D:9      | Gained mutation: You are agile. (Dex +4, Str/Int -1) [Xom's
                  | grace]
  8053 | D:9      | XOM: 2-stop teleportation journey
  8135 | D:9      | XOM: silly message
  8339 | D:9      | XOM: potion effect (magic)
  8344 | D:9      | XOM: potion effect (might)
  8362 | D:9      | XOM: enchant monster (good)
  8364 | D:9      | Reached skill level 10 in Necromancy
  8650 | D:10     | Entered Level 10 of the Dungeon
  8653 | D:10     | Found Efosuon's Changing Room.
  8659 | D:10     | Reached skill level 5 in Spellcasting
  8698 | D:10     | Bought a potion of mutation for 112 gold pieces
  8741 | D:10     | XOM: cast spell 'Animate Armour'
  8757 | D:10     | XOM: cleaving
  8759 | D:10     | Reached XP level 11. HP: 24/99 MP: 2/18
  8768 | D:10     | XOM: 1-stop teleportation journey
  8817 | D:10     | XOM: cloud trail
  9046 | D:10     | XOM: summons 9 friendly demons
  9076 | D:10     | Found a staircase to the Orcish Mines.
  9124 | D:10     | Noticed Psyche
  9131 | D:10     | Killed Psyche
  9149 | D:10     | Found a runed translucent gate.
  9149 | D:10     | Found a runed translucent gate.
  9150 | D:10     | Found a runed translucent gate.
  9150 | D:10     | Noticed a ten-headed hydra
  9150 | D:10     | Noticed spaghetti's ghost (novice DsSu)
  9251 | D:10     | XOM: scenery: summon butterflies
  9268 | D:10     | Reached skill level 11 in Necromancy
  9749 | D:11     | Noticed Fannar
  9773 | D:11     | XOM: divination: detect items
  9821 | D:11     | XOM: enchant monster (bad)
  9827 | D:11     | Killed Fannar
 10021 | D:11     | Noticed a red ugly thing
 10091 | D:11     | Killed a red ugly thing
 10222 | D:11     | Noticed a cyclops
 10226 | D:11     | XOM: enchant monster (good)
 10244 | D:11     | Killed a cyclops
 10503 | D:11     | XOM: give mutations
 10503 | D:11     | Lost mutation: You are strong-willed. (Will+) [Xom's
                  | mischief]
 10503 | D:11     | Lost mutation: Your flesh is very heat resistant. (rF++)
                  | [Xom's mischief]
 10503 | D:11     | Lost mutation: You are agile. (Dex +4, Str/Int -1) [Xom's
                  | mischief]
 10503 | D:11     | Lost mutation: Your tail ends in a sharp venomous barb.
                  | [Xom's mischief]
 10649 | D:11     | Noticed Sonja
 10649 | D:11     | Noticed a white ugly thing
 10666 | D:11     | XOM: 9-stop teleportation journey
 10753 | D:12     | Noticed a boulder beetle
 10832 | D:10     | XOM: noise
 11056 | D:11     | Killed Sonja
 11057 | D:11     | Reached skill level 12 in Necromancy
 11184 | D:11     | XOM: confuse monster(s)
 11191 | D:11     | Noticed a two-headed ogre
 11208 | D:11     | XOM: confuse monster(s)
 11211 | D:11     | Killed a white ugly thing
 11212 | D:11     | Killed a two-headed ogre
 11292 | D:11     | XOM: cloud trail
 11635 | D:11     | Slain by a komodo dragon

Illustrated notes

Levels and vault maps discovered:
D:1:      kennysheep_arrival_forest, layout_basic, chequers_arboretum
D:2:      layout_basic, feat_on_display
D:3:      layout_basic, fiery_altar_vehumet, gammafunk_temple_overflow_pools,
          amcnicky_altar_gilded, interstate_on_off
D:4:      layout_cave_pods, slow_altar_2, mainiacjoe_overflow_catwalk,
          tso_oasis_becter, mainiacjoe_overflow_chevrons,
          nicolae_elyvilon_peaceful_grove, uniq_menkaure
D:5:      layout_gridville, mainiacjoe_overflow_paths,
          mainiacjoe_overflow_boulevard, minmay_increasing_density,
          uniq_crazy_yiuf_cottage
D:6:      layout_basic, minmay_temple_entry_trees, minivault_4
D:7:      layout_rooms, mainiacjoe_overflow_catwalk_spiral,
          lemuel_flamethrower_1, uniq_jeremiah, uniq_joseph
D:8:      layout_basic, jmf_multi_god_temple, nicolae_evil_shop
D:9:      layout_loops_ring, enter_bailey_5
D:10:     layout_long_grid, orc_0_dummy, gammafunk_ghost_hydra_chop,
          minivault_27, chequers_serial_rivers_marsh,
          nicolae_transmutations_shop, uniq_psyche
D:11:     layout_small_grid, erik_lair_dragon, minmay_between, uniq_fannar,
          uniq_sonja
D:12:     layout_basic, kennysheep_nub, uniq_kirke

Skill      XL: |  1  2  3  4  5  6  7  8  9 10 11 |
---------------+----------------------------------+-----
Dodging        | 1 2 |  2.4
Long Blades    | 4 |  4.2
Hexes          | 1 3 5 6 |  6.0
Summonings     | 2 5 7 8 9 |  9.9
Necromancy     | 2 5 8 10 12 | 12.6
Spellcasting   | 3 5 |  5.0
Fighting       | |  3.0
Armour         | |  1.5

Action                     |  1- 3 |  4- 6 |  7- 9 | 10-12 || total
---------------------------+-------+-------+-------+-------++-------
  Melee: Falchion          |   134 |    58 |       |       ||   192
         Trident           |       |    67 |   234 |   294 ||   595
         Punch             |       |     1 |     2 |     4 ||     7
         Peck              |       |     5 |    36 |    56 ||    97
         Staff             |       |       |       |     5 ||     5
  Throw: Dart              |       |       |     4 |     1 ||     5
   Cast: Jinxbite          |       |    20 |    37 |    13 ||    70
         Martyr's Knell    |       |       |    14 |    31 ||    45
         Death Channel     |       |       |       |     8 ||     8
Ability: Spit Poison       |     1 |       |       |     1 ||     2
         Breathe Poison Ga |       |       |     6 |       ||     6
  Evoke: Wand              |       |       |     2 |     8 ||    10
         Phantom mirror    |       |       |     1 |     1 ||     2
    Use: Scroll            |     5 |       |     9 |     5 ||    19
         Potion            |     3 |     4 |     3 |     3 ||    13
   Stab: Confused          |       |     1 |     1 |       ||     2
         Paralysed         |       |       |     1 |     7 ||     8
         Sleeping          |       |       |     1 |       ||     1
         Petrified         |       |       |       |     3 ||     3
 Armour: Leather armour    |   121 |    80 |   228 |   393 ||   822
         Skin              |       |     3 |       |       ||     3
  Dodge: Dodged            |   102 |    63 |   138 |   196 ||   499
